 Dungeon Crawl Stone Soup version 0.17-a0-484-g0e03f6a (webtiles) character file.

5096 Kisielow the Cruncher (level 10, -4/68 HPs)
             Began as a Gargoyle Gladiator on Apr 11, 2015.
             Was a Believer of Okawaru.
             Slain by an orc knight
             ... wielding a +0 trident
              (7 damage)
             ... in a bailey.
             The game lasted 00:23:30 (8381 turns).

Kisielow the Cruncher (Gargoyle Gladiator)          Turns: 8381, Time: 00:23:30

Health: -4/68      AC: 25    Str: 24    XL:     10   Next: 57%
Magic:  10/10      EV: 13    Int:  9    God:    Okawaru [**....]
Gold:   448        SH:  0    Dex: 15    Spells: 0 memorised, 9 levels left

rFire  . . .     SeeInvis .     v - +7 quarterstaff (chaos) (curse)
rCold  + . .     Clarity  .     L - +0 plate armour
rNeg   + . .     SustAb   .     (no shield)
rPois  ∞         Gourm    .     c - +0 helmet
rElec  +         Spirit   .     C - +2 cloak "Ludylel" {rC+ Str+2 Stlth-}
rCorr  .         Warding  .     (no gloves)
rMut   .         Stasis   .     (no boots)
MR     .....                    (no amulet)
Stlth  ..........               (no ring)
                                (no ring)

@: agile, very slightly contaminated, hasted, very quick, not resistant to
hostile enchantments, extremely unstealthy
A: negative energy resistance 1, electricity resistance, unbreathing,
petrification resistance, rot immunity, AC +7
a: Heroism, Renounce Religion


You were in a bailey.
You worshipped Okawaru.
Okawaru was pleased with you.
You were not hungry.

You visited 2 branches of the dungeon, and saw 9 of its levels.
You also visited: Ossuary and Bailey.

You collected 448 gold pieces.

Inventory:

Hand weapons
 v - a cursed +7 quarterstaff of chaos (weapon)
Missiles
 e - a throwing net (quivered)
Armour
 c - a +0 helmet (worn)
 x - the +3 scale mail of Too Many Cooks {rN+ rCorr}
   (You found it on level 8 of the Dungeon)

   It protects you from negative energy.
   It protects you from acid and corrosion.
 C - the +2 cloak "Ludylel" (worn) {rC+ Str+2 Stlth-}
   (You found it on level 5 of the Dungeon)

   It affects your strength (+2).
   It protects you from cold.
   It makes you less stealthy.
 H - the +1 leather armour of the Illusory Spirits {+Inv Regen+ Stlth+}
   (You found it on level 6 of the Dungeon)

   It lets you turn invisible.
   It increases your rate of regeneration.
   It makes you more stealthy.
 L - a +0 plate armour (worn)
Magical devices
 g - a wand of digging (13)
 k - a wand of frost (48)
 t - a wand of cold (14)
 y - a wand of hasting (4)
 G - a wand of fireball (8)
Scrolls
 h - a scroll of magic mapping
 i - 3 scrolls of enchant armour
 n - 4 scrolls of remove curse
 o - a scroll of blinking
 q - 2 scrolls of teleportation
 r - a scroll of recharging
Potions
 b - a potion of poison {unknown}
 d - 3 potions of brilliance
 m - 5 potions of curing
 s - 2 potions of agility
 z - 3 potions of haste
 A - a potion of cure mutation {unknown}
 B - a potion of cancellation {unknown}
 D - 2 potions of invisibility {unknown}
 E - 2 potions of might {unknown}
 F - a potion of restore abilities {unknown}
 I - a potion of berserk rage {unknown}
 J - 2 potions of resistance {unknown}
 K - a potion of experience {unknown}
Comestibles
 a - 8 fruits
 f - 5 bread rations
 l - 6 meat rations
 p - 3 beef jerkies
 w - 2 slices of pizza


   Skills:
 * Level 10.0 Fighting
 - Level 10.0 Staves
 - Level 2.0 Throwing
 * Level 8.7 Armour
 - Level 2.4 Dodging


You had 9 spell levels left.
You didn't know any spells.

Dungeon Overview and Level Annotations

Branches:
Dungeon (8/15)             Temple (1/1) D:7
   Lair: D:8-11

Altars:
Ashenzari
Cheibriados
Dithmenos
Elyvilon
Fedhas
Gozag
Kikubaaqudgha
Makhleb
Nemelex Xobeh
Okawaru
Qazlal
Ru
Sif Muna
Trog
Vehumet
Xom
Yredelemnul
Zin
The Shining One

Shops:
D:5 *   D:7 ?[


Innate Abilities, Weirdness & Mutations

You are resistant to torment.
Your stone body is resilient (AC +7).
You are immune to poison.
You resist negative energy.
You are resistant to electric shocks.
You can survive without breathing.
You are immune to petrification.
You are immune to rotting.


Message History

You sock the orc knight! You freeze the orc knight.
The orc knight is severely wounded.
Something hits you but does no damage.
You closely miss the orc knight.
The orc knight is severely wounded.
The orc knight hits you but does no damage.
You hit the orc knight.
The orc knight is severely wounded.
Something hits you.
You hit the orc knight.
The orc knight is almost dead.
You closely miss the orc knight.
The orc knight is almost dead.
The orc knight hits you with a trident!
* * * LOW HITPOINT WARNING * * *
Drink which item? (? for menu, Esc to quit)
You feel better. Something hits you!!
* * * LOW HITPOINT WARNING * * *
The orc knight hits you with a trident!
You die...

########### ####### ##
.∩........## ##.....#########.
.....))....######.......#.....#..
.....))...)#....#)).....'.....'..
....))))))))...)@o......'.....'..
....)))....#...{#.......'.....'..
...........######.......#.....#..
.∩........## ##.....#########.
########### ####### ##


You could see an orc knight (frenzied).

Vanquished Creatures
  An orc knight (Bailey)
  Joseph (D:7)
  Grinder (D:5)
  Sigmund (D:2)
  A hungry ghost (D:7)
  The ghost of haldagan the Slasher, an average HEFi of Okawaru (D:5)
  Menkaure (D:7)
  4 orc warriors (Bailey)
  5 ogres
  2 black bears
  A phantom (D:6)
  A sky beast (D:6)
  3 giant frogs
  Blork the orc (D:4)
  2 centaurs (D:6)
  2 scorpions
  11 killer bees (D:7)
  4 hounds (D:6)
  A wasp zombie (D:6)
  6 crimson imps
  A goliath beetle (D:5)
  8 orc wizards
  Crazy Yiuf (D:3)
  Ijyb (D:2)
  4 worker ants
  2 orc priests
  2 centaur skeletons
  Terence (D:3)
  A big kobold zombie (Ossuary)
  2 mummies (Ossuary)
  Robin (D:1)
  12 gnolls
  2 shadow imps (D:7)
  16 adders
  3 worms (D:2)
  An adder skeleton (D:7)
  4 adder zombies (Ossuary)
  4 giant geckos
  3 oozes
  54 orcs
  2 ball pythons
  6 bats
  2 bat skeletons
  A bat zombie (D:6)
  7 giant cockroaches
  4 gnoll zombies (Ossuary)
  14 goblins
  21 hobgoblins
  3 jackals (D:5)
  8 quokkas
  A giant gecko skeleton (D:4)
  4 giant newts
  2 goblin zombies (D:4)
  4 hobgoblin zombies (Ossuary)
  A jackal skeleton (D:5)
  16 kobolds
  2 kobold zombies (Ossuary)
  7 orc zombies (Ossuary)
  A quokka skeleton (D:6)
  11 rats
290 creatures vanquished.

Vanquished Creatures (others)
  A hobgoblin (D:2)
1 creature vanquished.

Grand Total: 291 creatures vanquished

Notes
Turn   | Place    | Note
--------------------------------------------------------------
     0 | D:1      | Kisielow, the Gargoyle Gladiator, began the quest for the Orb.
     0 | D:1      | Reached XP level 1. HP: 12/12 MP: 1/1
   372 | D:1      | Reached XP level 2. HP: 18/18 MP: 2/2
   870 | D:2      | Reached XP level 3. HP: 13/22 MP: 3/3
   906 | D:2      | Noticed Robin
  1631 | D:1      | Killed Robin
  1631 | D:1      | Reached skill level 4 in Staves
  1631 | D:1      | Reached skill level 1 in Armour
  1874 | D:2      | Reached XP level 4. HP: 19/28 MP: 4/4
  2100 | D:2      | Noticed Ijyb
  2136 | D:2      | Killed Ijyb
  2391 | D:2      | Reached XP level 5. HP: 28/32 MP: 5/5
  2412 | D:2      | Noticed Sigmund
  2447 | D:2      | Killed Sigmund
  2447 | D:2      | Reached skill level 5 in Staves
  2447 | D:2      | Reached XP level 6. HP: 33/38 MP: 6/6
  2800 | D:3      | Noticed Terence
  2811 | D:3      | Killed Terence
  2957 | D:3      | Noticed Crazy Yiuf
  2965 | D:3      | Killed Crazy Yiuf
  3269 | D:3      | Reached XP level 7. HP: 26/43 MP: 7/7
  3546 | D:4      | Noticed Blork the orc
  3555 | D:4      | Killed Blork the orc
  3666 | D:4      | Reached skill level 6 in Staves
  3726 | D:4      | Reached skill level 5 in Armour
  3770 | D:4      | Found a sand-covered staircase.
  3779 | Ossuary  | Entered an ossuary
  3958 | Ossuary  | Reached skill level 5 in Fighting
  4188 | D:4      | Reached XP level 8. HP: 49/49 MP: 8/8
  4533 | D:5      | Entered Level 5 of the Dungeon
  4658 | D:5      | Got a shimmering cloak
  4669 | D:5      | Identified the +2 cloak "Ludylel" {rC+ Str+2 Stlth-} (You found it on level 5 of the Dungeon)
  4711 | D:5      | Noticed haldagan's ghost (average HEFi)
  4722 | D:5      | Killed haldagan's ghost
  4722 | D:5      | Reached skill level 7 in Staves
  5166 | D:5      | Found Muifiank's Assorted Antiques.
  5257 | D:5      | Noticed Grinder
  5261 | D:5      | Paralysed by Grinder for 6 turns
  5272 | D:5      | Killed Grinder
  5477 | D:6      | Got an ancient leather armour
  5488 | D:6      | Identified the cursed +1 leather armour of the Illusory Spirits {+Inv Regen+ Stlth+} (You found it on level 6 of the Dungeon)
  5526 | D:6      | Reached skill level 8 in Staves
  5589 | D:6      | Reached XP level 9. HP: 56/56 MP: 9/9
  6357 | D:6      | Reached skill level 9 in Staves
  6361 | D:6      | Found a burning altar of Makhleb.
  6687 | D:7      | Found Kyzun's Antique Armour Emporium.
  6709 | D:7      | Found a staircase to the Ecumenical Temple.
  6710 | D:7      | Noticed Joseph
  6738 | D:7      | Killed Joseph
  6797 | Temple   | Entered the Ecumenical Temple
  6805 | Temple   | Became a worshipper of Warmaster Okawaru
  6873 | D:7      | Found a deep blue altar of Sif Muna.
  6874 | D:7      | Found a glowing golden altar of the Shining One.
  7071 | D:7      | Reached skill level 10 in Staves
  7071 | D:7      | Reached XP level 10. HP: 65/65 MP: 10/10
  7249 | D:7      | Noticed Menkaure
  7256 | D:7      | Killed Menkaure
  7427 | D:7      | Found a bloodstained altar of Trog.
  7433 | D:7      | Acquired Okawaru's first power
  7451 | D:7      | Found a stormy altar of Qazlal.
  7464 | D:7      | Found a glowing silver altar of Zin.
  7464 | D:7      | Found a shadowy altar of Dithmenos.
  7464 | D:7      | Found an opulent altar of Gozag.
  7480 | D:7      | Found Ochar's Magic Scroll Boutique.
  7692 | D:8      | Got an ichor-stained scale mail
  7703 | D:8      | Identified the +3 scale mail of Too Many Cooks {rN+ rCorr} (You found it on level 8 of the Dungeon)
  7752 | D:8      | Found an opulent altar of Gozag.
  7812 | D:8      | Found a flagged portal.
  7826 | Bailey   | Entered a bailey
  8022 | Bailey   | Noticed an orc knight
  8081 | Bailey   | Killed an orc knight
  8095 | Bailey   | Reached skill level 10 in Fighting
  8325 | Bailey   | Noticed an orc knight
  8325 | Bailey   | Noticed an orc knight
  8381 | Bailey   | HP: 3/68 [something (21)]
  8381 | Bailey   | Slain by an orc knight

Action                   |  1- 3 |  4- 6 |  7- 9 | 10-12 || total
-------------------------+-------+-------+-------+-------++-------
Melee: Quarterstaff      |   111 |   186 |   435 |   216 ||   948
  Use: Scroll            |       |       |    23 |       ||    23
       Potion            |       |       |     2 |    11 ||    13
 Stab: Paralysed         |       |     2 |     7 |     1 ||    10
       Confused          |       |       |     1 |       ||     1
  Eat: Chunk             |     2 |     5 |    13 |     5 ||    25
